 Dungeon Sprint DCSS version 0.29.1-15-g9cfb28693d (webtiles) character file.

Game seed: 12982095055310628777

20133 boopmooplesden the Executioner (level 12, -6/133 HPs)
             Began as a Minotaur Fighter on Mar 10, 2023.
             Was the Champion of Trog.
             Mangled by an ettin
             ... wielding a +0 dire flail
              (14 damage)
             ... in the Dungeon (Sprint IX: "|||||||||||||||||||||||||||||").
             The game lasted 00:06:30 (2501 turns).

boopmooplesden the Executioner (Minotaur Fighter)   Turns: 2501, Time: 00:06:30

Health: -6/133     AC: 29    Str: 30    XL:     12   Next: 42%
Magic:  11/11      EV: 10    Int:  5    God:    Trog [******]
Gold:   1598       SH:  0    Dex:  9    Spells: 11/11 levels left

rFire   . . .      SeeInvis .   a - +4 executioner's axe (vorpal)
rCold   . . .      Faith    .   (shield currently unavailable)
rNeg    . . .      Spirit   .   t - +4 plate armour
rPois   +          Reflect  .   (helmet restricted)
rElec   .          Harm     .   o - +0 cloak
rCorr   .          Rampage  .   x - +0 pair of gloves
Will    ++...      NoTele   +   H - +1 pair of boots
Stlth   ..........              (no amulet)
HPRegen 1.32/turn               q - +3 ring of strength
MPRegen 0.12/turn               z - ring of poison resistance

@: strong-willed, on berserk cooldown, regenerating, slowed, very slow
A: horns 2, retaliatory headbutt
a: Renounce Religion, Berserk, Trog's Hand, Brothers in Arms


You were in the Dungeon.
You worshipped Trog.
Trog was exalted by your worship.
You visited 1 branch You collected 1818 gold pieces.
You spent 220 gold pieces at shops.

Inventory:

Hand Weapons
 a - a +4 vorpal executioner's axe (weapon)
 b - the +7 arbalest of the Pillar {speed, Int+7}
   (You found it in the Dungeon)

   Attacks with this weapon are significantly faster.
   Int:       It affects your intelligence (+7).
 m - a +3 vorpal war axe
 n - a +2 antimagic war axe
 p - a +0 war axe
 E - a +3 broad axe
 F - a +3 battleaxe of flaming
Armour
 o - a +0 cloak (worn)
 t - a +4 plate armour (worn)
 x - a +0 pair of gloves (worn)
 H - a +1 pair of boots (worn)
 I - a +1 tower shield
Jewellery
 q - a +3 ring of strength (left hand)
 r - a +3 ring of intelligence
 z - a ring of poison resistance (right hand)
 A - a ring of willpower
 B - a ring of willpower
 C - a ring of flight
 D - a ring of ice
Wands
 l - a wand of acid (10)
Scrolls
 j - 2 scrolls of blinking
 v - 3 scrolls of identify
 w - a scroll of fog
 J - 2 scrolls of enchant weapon
 K - 2 scrolls of enchant armour
Potions
 d - a potion of might
 e - 9 potions of curing
 f - 3 potions of heal wounds
 g - 3 potions of haste
 h - 4 potions of magic
 i - a potion of resistance
 k - a potion of invisibility
 s - a potion of berserk rage
 u - a potion of flight


   Skills:
 + Level 20.0 Fighting
 + Level 22.3 Axes
 + Level 20.1 Armour
 + Level 3.7 Dodging
 + Level 2.2 Stealth
 + Level 13.4 Shields


You had 11 spell levels left.
You didn't know any spells.
Your spell library was empty.

Dungeon Overview and Level Annotations

Branches:
Dungeon (1/1)

Altars:
Cheibriados
Dithmenos
Elyvilon
Fedhas
Gozag
Hepliaklqana
Kikubaaqudgha
Makhleb
Nemelex Xobeh
Okawaru
Qazlal
Ru
Sif Muna
Trog
Uskayaw
Vehumet
Wu Jian
Xom
Yredelemnul
Zin
The Shining One
Jiyva
Lugonu

Shops:
D =:([


Innate Abilities, Weirdness & Mutations

You have a pair of horns on your head.
You reflexively headbutt those who attack you in melee.


Message History

You feel much better.
Your stone giant hits the stone giant! x2
The stone giant hits your stone giant!!
Your stone giant hits the stone giant!!!
The stone giant dies!
Trog accepts your kill.
Your Armour skill increases to level 20!
The ettin hits your stone giant with a +0 dire flail! x2
Your stone giant hits the ettin!!!
The ettin hits your stone giant with a +0 dire flail!
The ettin hits your stone giant with a +0 dire flail!!
Your stone giant hits the ettin!
The ettin hits your stone giant with a +0 dire flail!
Your stone giant dies!
Your stone giant's corpse disappears in a puff of smoke!
The ettin hits you with a +0 dire flail!!
The ettin hits you with a +0 dire flail!
* * * LOW HITPOINT WARNING * * *
Things that are here:
a +3 great sword; a +0 chain mail You slice the ettin like a ripe choko!!!
You kill the ettin!
Trog accepts your kill.
Your Fighting skill increases to level 20!
You hit the ettin.
The ettin is lightly wounded.
The ettin hits you but does no damage.
The ettin hits you with a +0 dire flail.
* * * LOW HITPOINT WARNING * * *
You hit the ettin.
The ettin is lightly wounded.
The ettin hits you with a +0 dire flail.
* * * LOW HITPOINT WARNING * * *
The ettin hits you with a +0 dire flail.
* * * LOW HITPOINT WARNING * * *
You hit the ettin. Your headbutt misses the ettin.
The ettin is moderately wounded.
The ettin hits you with a +0 dire flail!!
* * * LOW HITPOINT WARNING * * *
The ettin hits you with a +0 dire flail!
You die...

▓)▓.▓)▓.▓.▓.▓.▓
▓)▓.▓.▓.▓∩▓.▓.▓
▓'▓.▓[▓.▓)▓.▓.▓
▓.▓.▓.▓.▓∩▓.▓.▓
▓.▓.▓.▓.▓)▓.▓.▓
▓.▓.▓.▓.▓∩▓.▓*▓
▓.▓.▓.▓.▓)▓.▓Q▓
▓.▓.▓.▓.▓∩▓.▓C▓
▓.▓.▓†▓.▓)▓.▓@▓
▓)▓.▓)▓.▓)▓.▓)▓
▓?▓.▓†▓.▓)▓.▓)▓
▓.▓.▓†▓.▓.▓.▓)▓
▓'▓.▓†▓.▓)▓.▓)▓
▓_▓.▓.▓.▓)▓.▓.▓
▓_▓.▓.▓)▓.▓.▓.▓
▓_▓.▓.▓.▓.▓.▓.▓
▓_▓.▓.▓.▓.▓.▓.▓


You could see an ettin, a tengu conjurer and a battlesphere (distracted).

Vanquished Creatures
  An ettin (D)
  A rakshasa (D)
  3 hydras (D)
  A deep troll shaman (D)
  A death yak (D)
  4 orc high priests (D)
  Sonja (D)
  A deep elf pyromancer (D)
  A lindwurm (D)
  3 orc knights (D)
  A manticore (D)
  A cyclops (D)
  An elephant (D)
  A black mamba (D)
  2 cane toads (D)
  A rime drake (D)
  3 komodo dragons (D)
  A freezing wraith (D)
  A troll (D)
  A meliai (D)
  A polar bear (D)
  3 tyrant leeches (D)
  A slime creature (D)
  A basilisk (D)
  A shadow (D)
  4 yaks (D)
  A water moccasin (D)
  A black bear (D)
  10 orc warriors (D)
  A centaur (D)
  A wolf (D)
  3 bullfrogs (D)
  2 howler monkeys (D)
  A jelly (D)
  7 orc priests (D)
  An iguana (D)
  3 orc wizards (D)
  An adder (D)
  4 worms (D)
  7 orcs (D)
  A hobgoblin (D)
  A quokka (D)
  A bat (D)
  A frilled lizard (D)
  2 goblins (D)
90 creatures vanquished.

Vanquished Creatures (collateral kills)
  2 stone giants (D)
  3 orc high priests (D)
  An orc knight (D)
  3 orc priests (D)
9 creatures vanquished.

Grand Total: 99 creatures vanquished

Notes
Turn   | Place    | Note
-------+----------+-------------------------------------------
     0 | D        | boopmooplesden the Minotaur Fighter began the quest for the
                  | Orb.
     0 | D        | Reached XP level 1. HP: 19/19 MP: 0/0
    19 | D        | Noticed an iguana
    19 | D        | Noticed a black bear
    19 | D        | Noticed a jelly
    25 | D        | Reached skill level 3 in Axes
    25 | D        | Reached XP level 2. HP: 26/28 MP: 1/1
    28 | D        | Reached skill level 5 in Fighting
    28 | D        | Reached skill level 4 in Axes
    28 | D        | Reached skill level 5 in Armour
    28 | D        | Reached skill level 5 in Shields
    28 | D        | Reached XP level 3. HP: 27/36 MP: 2/2
    30 | D        | Killed a black bear
    31 | D        | Reached skill level 6 in Axes
    31 | D        | Reached XP level 4. HP: 24/47 MP: 3/3
    31 | D        | Reached XP level 5. HP: 26/52 MP: 4/4
   230 | D        | Found a snail-covered altar of Cheibriados.
   230 | D        | Found a shadowy altar of Dithmenos.
   230 | D        | Found a white marble altar of Elyvilon.
   230 | D        | Found a blossoming altar of Fedhas.
   230 | D        | Found an opulent altar of Gozag.
   231 | D        | Found a hazy altar of Hepliaklqana.
   232 | D        | Found a viscous altar of Jiyva.
   233 | D        | Found an ancient bone altar of Kikubaaqudgha.
   234 | D        | Found a corrupted altar of Lugonu.
   235 | D        | Found a burning altar of Makhleb.
   236 | D        | Found a sparkling altar of Nemelex Xobeh.
   237 | D        | Found an iron altar of Okawaru.
   238 | D        | Found a stormy altar of Qazlal.
   239 | D        | Found a sacrificial altar of Ru.
   240 | D        | Found a shimmering blue altar of Sif Muna.
   241 | D        | Found a bloodstained altar of Trog.
   242 | D        | Found a hide-covered altar of Uskayaw.
   243 | D        | Found a radiant altar of Vehumet.
   244 | D        | Found an ornate altar of the Wu Jian Council.
   245 | D        | Found a shimmering altar of Xom.
   246 | D        | Found a basalt altar of Yredelemnul.
   247 | D        | Found a glowing silver altar of Zin.
   248 | D        | Found a glowing golden altar of the Shining One.
   249 | D        | Became a worshipper of Trog the Wrathful
   300 | D        | Noticed a shadow
   300 | D        | Noticed a yak
   300 | D        | Noticed an orc warrior
   304 | D        | Reached skill level 7 in Axes
   305 | D        | Killed an orc warrior
   306 | D        | Reached skill level 8 in Axes
   306 | D        | Reached skill level 1 in Dodging
   306 | D        | Reached XP level 6. HP: 62/62 MP: 5/5
   307 | D        | Killed a yak
   307 | D        | Reached * piety under Trog
   308 | D        | Reached skill level 9 in Axes
   308 | D        | Killed a shadow
   309 | D        | Reached skill level 10 in Axes
   309 | D        | Reached skill level 10 in Armour
   309 | D        | Reached XP level 7. HP: 70/70 MP: 6/6
   312 | D        | Reached ** piety under Trog
   445 | D        | Noticed a six-headed hydra
   445 | D        | Noticed a troll
   445 | D        | Noticed a four-headed hydra
   445 | D        | Noticed a four-headed hydra
   445 | D        | Noticed a cyclops
   449 | D        | Killed a cyclops
   450 | D        | Reached skill level 10 in Fighting
   450 | D        | Reached skill level 11 in Axes
   450 | D        | Reached skill level 10 in Shields
   453 | D        | Killed an eight-headed hydra
   454 | D        | Reached skill level 13 in Axes
   454 | D        | Reached XP level 8. HP: 79/82 MP: 7/7
   455 | D        | Killed a six-headed hydra
   455 | D        | Reached *** piety under Trog
   456 | D        | Reached skill level 14 in Axes
   456 | D        | Reached XP level 9. HP: 87/90 MP: 8/8
   458 | D        | Killed an eight-headed hydra
   459 | D        | Reached skill level 15 in Axes
   466 | D        | Killed a troll
   945 | D        | Noticed a cane toad
   945 | D        | Noticed a cane toad
   945 | D        | Noticed a black mamba
   945 | D        | Noticed a death yak
   948 | D        | Noticed a rime drake
   949 | D        | Killed a death yak
   950 | D        | Reached skill level 16 in Axes
   951 | D        | Killed a black mamba
   951 | D        | Reached **** piety under Trog
   952 | D        | Reached skill level 15 in Armour
   952 | D        | Reached XP level 10. HP: 101/101 MP: 9/9
   955 | D        | Killed a cane toad
   958 | D        | Killed a cane toad
   959 | D        | Reached skill level 17 in Axes
   965 | D        | Reached ***** piety under Trog
  1076 | D        | Reached skill level 1 in Stealth
  1077 | D        | Noticed an elephant
  1080 | D        | Reached skill level 18 in Axes
  1084 | D        | Received a gift from Trog
  1096 | D        | Killed an elephant
  1108 | D        | Noticed a lindwurm
  1111 | D        | Killed a lindwurm
  1138 | D        | Reached skill level 15 in Fighting
  1138 | D        | Reached skill level 19 in Axes
  1142 | D        | Reached ****** piety under Trog
  1143 | D        | Reached XP level 11. HP: 56/112 MP: 10/10
  1147 | D        | Received a gift from Trog
  1456 | D        | Noticed Sonja
  1461 | D        | Killed Sonja
  1571 | D        | Noticed an orc knight
  1574 | D        | Noticed an orc knight
  1579 | D        | Killed an orc knight
  1586 | D        | Received a gift from Trog
  1593 | D        | Killed an orc knight
  1606 | D        | Received a gift from Trog
  1910 | D        | Noticed an orc knight
  1914 | D        | Received a gift from Trog
  1927 | D        | Killed an orc knight
  1933 | D        | Reached skill level 20 in Axes
  2143 | D        | Found Ydwiny's Armour Boutique.
  2143 | D        | Noticed an orc high priest
  2143 | D        | Noticed an orc high priest
  2143 | D        | Noticed an orc high priest
  2147 | D        | Killed an orc high priest
  2147 | D        | Received a gift from Trog
  2148 | D        | Noticed a sun demon
  2150 | D        | Killed an orc high priest
  2151 | D        | Found Ybewipuk's Antique Weapon Shop.
  2151 | D        | Noticed an orc high priest
  2157 | D        | Noticed an orc high priest
  2160 | D        | Found Gerooleirr's Book Boutique.
  2163 | D        | Killed an orc high priest
  2168 | D        | Found Bicvethri's Jewellery Shop.
  2168 | D        | Noticed an orc high priest
  2173 | D        | Noticed a soul eater
  2174 | D        | Killed an orc high priest
  2176 | D        | Killed an orc high priest
  2176 | D        | Received a gift from Trog
  2177 | D        | Noticed an orc high priest
  2178 | D        | Noticed a soul eater
  2180 | D        | Killed an orc high priest
  2189 | D        | Killed an orc high priest
  2190 | D        | Reached skill level 21 in Axes
  2232 | D        | Bought a ring of poison resistance for 220 gold pieces
  2385 | D        | Found the +9 heavy crossbow "Sniper" {vorpal, Acc+∞ SInv}
  2399 | D        | Got the +7 arbalest of the Pillar {speed, Int+7}
  2456 | D        | Noticed a rakshasa
  2456 | D        | Noticed a deep elf pyromancer
  2458 | D        | Killed a deep elf pyromancer
  2459 | D        | Received a gift from Trog
  2460 | D        | Reached XP level 12. HP: 128/128 MP: 11/11
  2467 | D        | Killed a rakshasa
  2469 | D        | Noticed a deep troll shaman
  2471 | D        | Noticed a stone giant
  2474 | D        | Noticed an ettin
  2481 | D        | Noticed an ettin
  2483 | D        | Noticed a stone giant
  2486 | D        | Killed a deep troll shaman
  2493 | D        | Killed a stone giant
  2493 | D        | Received a gift from Trog
  2494 | D        | Reached skill level 22 in Axes
  2494 | D        | Killed a stone giant
  2498 | D        | Killed an ettin
  2501 | D        | Mangled by an ettin

Illustrated notes

Levels and vault maps discovered:
D:        linesprint [early_d, line_temple, items_1, d_10, items_2, lair_1,
          lair_end, items_3, orc_1, orc_end, items_4, d_15, swamp_1, shoals_1,
          snake_1, spider_1, d_20, vaults_1, items_5, swamp_end, shoals_end,
          snake_end, spider_end, vaults_end, d_27, items_6, zot_1, zot_end,
          crypt_end, forest_end, elf_end, slime_end, tomb_end, abyss_end,
          pan_hell_end]

Skill      XL: |  1  2  3  4  5  6  7  8  9 10 11 12 |
---------------+-------------------------------------+-----
Fighting       | 4 5 7 8 9 11 13 15 18 20 | 20.0
Armour         | 4 5 7 8 10 12 13 15 17 19 20 | 20.1
Shields        | 4 5 6 8 9 10 11 12 13 | 13.4
Axes           | 3 4 6 8 10 13 14 16 19 21 22 | 22.3
Dodging        | 1 2 3 |  3.7
Stealth        | 1 2 |  2.2

Action                   |  1- 3 |  4- 6 |  7- 9 | 10-12 || total
-------------------------+-------+-------+-------+-------++-------
Melee: War axe           |    20 |    10 |    25 |   175 ||   230
       Headbutt          |     5 |     3 |     8 |    43 ||    59
       Executioner's axe |       |       |       |    31 ||    31
Invok: Berserk           |       |       |     2 |     5 ||     7
       Trog's Hand       |       |       |       |     3 ||     3
       Brothers in Arms  |       |       |       |     3 ||     3
  Use: Potion            |       |     1 |       |     4 ||     5
       Scroll            |       |       |     4 |     1 ||     5
Armor: Scale mail        |     9 |     2 |       |       ||    11
       Chain mail        |       |     3 |     9 |       ||    12
       Plate armour      |       |       |     1 |    51 ||    52
Dodge: Dodged            |    12 |     2 |     9 |    39 ||    62
Block: Buckler           |     5 |       |     5 |    21 ||    31
